[Event "3rd Sharjah Masters 2019"]
[Site "Sharjah"]
[Date "2019.03.29"]
[Round "8.35"]
[White "Sukandar, Irine Kharisma"]
[Black "Panda, Sambit"]
[Result "1-0"]
[ECO "B13"]
[WhiteElo "2381"]
[BlackElo "2218"]
[Annotator "NA"]
[PlyCount "71"]
[EventDate "2019.03.22"]
[EventType "swiss"]
[EventCountry "UAE"]
[SourceTitle "playchess.com"]
[Source "ChessBase"]
[SourceQuality "1"]
[TimeControl "5400+30"]

1. e4 c6 2. d4 d5 3. exd5 cxd5 4. Bd3 Nc6 5. c3 Nf6 6. Bf4 Bg4 7. Qb3 Qd7 8. Nd2 e6 9. Ngf3 Bxf3 10. Nxf3 Bd6 11. Bd2 O-O 12. Qc2 Rac8 13. a3 Na5 14. Bg5 Ne4 15. Bxe4 dxe4 16. Qxe4 h6 17. Be3 Qb5 18. Qc2 Rfe8 19. a4 Qc4 20. Qe2 e5 21. Qxc4 Nxc4 22. O-O-O e4 23. Nd2 Nb6 24. Kc2 f5 25. g3 g5 26. d5 Nxa4 27. h4 f4 28. gxf4 gxf4 29. Bd4 Nc5 30. Rhg1+ Kf8 31. Rg6 Be5 32. Bxc5+ Kf7 33. h5 Bf6 34. Nb3 e3 35. fxe3 fxe3 36. Rf1 1-0

[Event "3rd Sharjah Masters 2019"]
[Site "Sharjah"]
[Date "2019.03.29"]
[Round "8.36"]
[White "Fenil, Shah"]
[Black "Abdurakhmonov, Mukhammadali"]
[Result "1-0"]
[ECO "B06"]
[WhiteElo "2360"]
[BlackElo "2205"]
[Annotator "NA"]
[PlyCount "71"]
[EventDate "2019.03.22"]
[EventType "swiss"]
[EventCountry "UAE"]
[SourceTitle "playchess.com"]
[Source "ChessBase"]
[SourceQuality "1"]
[TimeControl "5400+30"]

1. d4 g6 2. e4 Bg7 3. Nc3 d6 4. Bg5 c6 5. Qd2 Nd7 6. f4 b5 7. Nf3 Nb6 8. Bd3 Nc4 9. Bxc4 bxc4 10. O-O Qb6 11. e5 Bg4 12. Rae1 O-O-O 13. Qe3 Nh6 14. Bxe7 Rd7 15. Bxd6 Nf5 16. Qf2 Nxd6 17. Na4 Qa5 18. Nc5 Nb7 19. Nxd7 Bxd7 20. Ng5 Qd5 21. b3 Bf5 22. bxc4 Qxc4 23. d5 Qxd5 24. Qxa7 h6 25. Rd1 Qc5+ 26. Qxc5 Nxc5 27. Nxf7 Rf8 28. Nd6+ Kc7 29. Rd4 Be6 30. Rf3 Bd5 31. Ra3 Ne6 32. Rb4 c5 33. Ra7+ Kc6 34. Rbb7 c4 35. c3 Nc5 36. Rxg7 1-0

[Event "3rd Sharjah Masters 2019"]
[Site "Sharjah"]
[Date "2019.03.29"]
[Round "8.37"]
[White "Ahmed, Fareed"]
[Black "Pranav Anand"]
[Result "0-1"]
[ECO "C91"]
[WhiteElo "1950"]
[BlackElo "2359"]
[Annotator "NA"]
[PlyCount "82"]
[EventDate "2019.03.22"]
[EventType "swiss"]
[EventCountry "UAE"]
[SourceTitle "playchess.com"]
[Source "ChessBase"]
[SourceQuality "1"]
[TimeControl "5400+30"]

1. e4 e5 2. Nf3 Nc6 3. Bb5 a6 4. Ba4 Nf6 5. O-O Be7 6. Re1 b5 7. Bb3 d6 8. c3 O-O 9. d4 Bg4 10. Be3 exd4 11. cxd4 d5 12. e5 Ne4 13. Nc3 Nxc3 14. bxc3 Na5 15. h3 Bh5 16. g4 Bg6 17. Nd2 b4 18. cxb4 Bxb4 19. f4 Nxb3 20. axb3 Bd3 21. f5 c5 22. dxc5 d4 23. Bf2 Qd5 24. Qf3 Qxf3 25. Nxf3 Bxe1 26. Rxe1 Rac8 27. Bxd4 Rb8 28. e6 f6 29. e7 Rfe8 30. c6 Rxb3 31. c7 Kf7 32. Bc5 Rc3 33. Bd6 Rc6 34. Re6 Bc4 35. Nd4 Rb6 36. Bc5 Bxe6 37. Bxb6 Bd7 38. Bc5 Rxe7 39. Bxe7 Kxe7 40. Nc6+ Kd6 41. Nb8 Bc8 0-1

[Event "3rd Sharjah Masters 2019"]
[Site "Sharjah"]
[Date "2019.03.29"]
[Round "8.38"]
[White "Sidhant, Mohapatra"]
[Black "Gokhale, Chandrashekhar"]
[Result "1/2-1/2"]
[ECO "B07"]
[WhiteElo "2348"]
[BlackElo "2185"]
[Annotator "NA"]
[PlyCount "102"]
[EventDate "2019.03.22"]
[EventType "swiss"]
[EventCountry "UAE"]
[SourceTitle "playchess.com"]
[Source "ChessBase"]
[SourceQuality "1"]
[TimeControl "5400+30"]

1. e4 d6 2. d4 Nf6 3. Nc3 e5 4. Nge2 Nbd7 5. g3 g6 6. Bg2 Bg7 7. O-O O-O 8. dxe5 dxe5 9. h3 c6 10. Qd6 Re8 11. Be3 Bf8 12. Qd2 Nb6 13. Qxd8 Rxd8 14. b3 Nfd7 15. Rad1 Re8 16. a4 a5 17. Nc1 Nc5 18. Nd3 Nxd3 19. Rxd3 Nd7 20. Rfd1 Nc5 21. R3d2 Ne6 22. f4 exf4 23. gxf4 Bc5 24. Kf2 f5 25. Bxc5 Nxc5 26. e5 Be6 27. h4 Kf7 28. Ke3 Ke7 29. Ne2 Rad8 30. Rxd8 Rxd8 31. Rxd8 Kxd8 32. Nd4 Bf7 33. h5 Ke7 34. h6 Na6 35. Kd2 Nb4 36. c4 Na6 37. Nf3 Nc5 38. Ng5 Ne6 39. Nxh7 Nxf4 40. Ng5 Bg8 41. Bf1 Ne6 42. h7 Bxh7 43. Nxh7 Nc5 44. Kc2 Ke6 45. Bg2 Kxe5 46. Kc3 Ne6 47. b4 axb4+ 48. Kxb4 g5 49. Nxg5 Nxg5 50. Kc5 Ne4+ 51. Kb6 Kd4 {[%emt 0:00:07] Kxc6 bxc6} 1/2-1/2

[Event "3rd Sharjah Masters 2019"]
[Site "Sharjah"]
[Date "2019.03.29"]
[Round "8.41"]
[White "Rayes, Abdul Kader"]
[Black "Nitin, S.."]
[Result "1/2-1/2"]
[ECO "A45"]
[WhiteElo "2219"]
[BlackElo "2408"]
[Annotator "NA"]
[PlyCount "105"]
[EventDate "2019.03.22"]
[EventType "swiss"]
[EventCountry "UAE"]
[SourceTitle "playchess.com"]
[Source "ChessBase"]
[SourceQuality "1"]
[TimeControl "5400+30"]

1. d4 Nf6 2. Bg5 c5 3. d5 Qb6 4. Nc3 Qxb2 5. Bd2 Qb6 6. e4 d6 7. f4 e5 8. Rb1 Qd8 9. fxe5 dxe5 10. Nf3 Bd6 11. Bb5+ Nbd7 12. O-O a6 13. Bxd7+ Nxd7 14. Qe1 Nf6 15. Bg5 h6 16. Qh4 b5 17. a4 b4 18. Nd1 Rg8 19. Bc1 Bd7 20. Nb2 Qe7 21. Ra1 c4 22. Nxc4 Rc8 23. Nxd6+ Qxd6 24. Bb2 Ng4 25. h3 Rxc2 26. hxg4 Rxb2 27. Qh5 g6 28. Qxe5+ Qxe5 29. Nxe5 f5 30. Rac1 Kd8 31. Nf7+ Ke7 32. Nxh6 Rh8 33. g5 fxe4 34. d6+ Ke6 35. Nf7 Rh7 36. Rf6+ Kd5 37. Rc7 e3 38. Rxd7 Rb1+ 39. Rf1 Rh1+ 40. Kxh1 Rxf1+ 41. Kh2 e2 42. Re7 Rxf7 43. d7 Rxe7 44. d8=Q+ Ke6 45. Qc8+ Kf7 46. Qc4+ Kf8 47. Qf4+ Kg8 48. Qc4+ Kh8 49. Qd4+ Kh7 50. Qh4+ Kg8 51. Qc4+ Kg7 52. Qd4+ Kg8 53. Qc4+ 1/2-1/2

[Event "3rd Sharjah Masters 2019"]
[Site "Sharjah"]
[Date "2019.03.29"]
[Round "8.43"]
[White "Blagojevic, Tijana"]
[Black "Assaubayeva, Bibisara"]
[Result "0-1"]
[ECO "B51"]
[WhiteElo "2206"]
[BlackElo "2376"]
[Annotator "NA"]
[PlyCount "60"]
[EventDate "2019.03.22"]
[EventType "swiss"]
[EventCountry "UAE"]
[SourceTitle "playchess.com"]
[Source "ChessBase"]
[SourceQuality "1"]
[TimeControl "5400+30"]

1. e4 c5 2. Nf3 d6 3. Bb5+ Nd7 4. O-O a6 5. Bd3 Ngf6 6. Re1 b5 7. c4 g5 8. Nxg5 Ne5 9. Bf1 bxc4 10. Nf3 Bg4 11. Be2 Nd3 12. Bxd3 cxd3 13. h3 Bh5 14. e5 dxe5 15. Qa4+ Qd7 16. Qxd7+ Nxd7 17. Nxe5 Bg6 18. Nxg6 hxg6 19. a4 Rh4 20. Re3 c4 21. g3 Rd4 22. b3 cxb3 23. Bb2 Rd6 24. Ba3 Re6 25. Bb2 Rxe3 26. dxe3 Rc8 27. Na3 e5 28. Kf1 e4 29. Ke1 Bb4+ 30. Kd1 Rc2 0-1

[Event "3rd Sharjah Masters 2019"]
[Site "Sharjah"]
[Date "2019.03.29"]
[Round "8.45"]
[White "Omar, Noaman"]
[Black "Thrish, Karthik"]
[Result "1-0"]
[ECO "D02"]
[WhiteElo "2356"]
[BlackElo "2096"]
[Annotator "NA"]
[PlyCount "93"]
[EventDate "2019.03.22"]
[EventType "swiss"]
[EventCountry "UAE"]
[SourceTitle "playchess.com"]
[Source "ChessBase"]
[SourceQuality "1"]
[TimeControl "5400+30"]

1. d4 d5 2. Nf3 Bf5 3. c4 e6 4. Nc3 Nc6 5. cxd5 exd5 6. Bf4 Nf6 7. e3 Bb4 8. Bb5 O-O 9. O-O Ne7 10. Qb3 Bd6 11. Bg5 c6 12. Bxf6 gxf6 13. Be2 Qd7 14. Nh4 Kh8 15. Nxf5 Nxf5 16. Bg4 Rg8 17. Bh3 Nxe3 18. Kh1 Rxg2 19. Bxg2 Nxg2 20. Ne2 Rg8 21. Qf3 Rg6 22. Rg1 Nh4 23. Qe3 Nf5 24. Qd3 Rh6 25. f4 Qe6 26. Raf1 Rg6 27. Rf3 Qe4 28. Ng3 Nxg3+ 29. hxg3 f5 30. Kg2 Re6 31. Kf2 c5 32. Re3 Qxd4 33. Qxd4+ cxd4 34. Rxe6 fxe6 35. Re1 Bc5 36. Rxe6 d3+ 37. Kf3 d2 38. Ke2 Bf2 39. Kxd2 Bxg3 40. Ke3 Bh2 41. Re5 Bg1+ 42. Kd3 d4 43. Rxf5 Be3 44. Ke4 Kg7 45. Rd5 Kg6 46. Rd6+ Kh5 47. Rd7 1-0

[Event "3rd Sharjah Masters 2019"]
[Site "Sharjah"]
[Date "2019.03.29"]
[Round "8.46"]
[White "Sharma, Dinesh K."]
[Black "Shiva, Pavan Teja Sharma U"]
[Result "1-0"]
[ECO "E54"]
[WhiteElo "2286"]
[BlackElo "2093"]
[Annotator "NA"]
[PlyCount "97"]
[EventDate "2019.03.22"]
[EventType "swiss"]
[EventCountry "UAE"]
[SourceTitle "playchess.com"]
[Source "ChessBase"]
[SourceQuality "1"]
[TimeControl "5400+30"]

1. d4 Nf6 2. c4 e6 3. Nc3 Bb4 4. e3 O-O 5. Bd3 d5 6. Nf3 c5 7. O-O dxc4 8. Bxc4 cxd4 9. exd4 b6 10. Bg5 Bb7 11. Ne5 Be7 12. Qe2 Nd5 13. Bxd5 exd5 14. Bxe7 Qxe7 15. Rfe1 Nd7 16. Qb5 Nxe5 17. Rxe5 Qh4 18. Rd1 Rad8 19. h3 h6 20. Qa4 a6 21. Qb4 Qf6 22. Rde1 Qc6 23. Qe7 Bc8 24. Qb4 Be6 25. Qa4 b5 26. Qd1 Qc4 27. R1e3 Rd6 28. Rg3 Bd7 29. b3 Qc6 30. Qh5 Rg6 31. Nxd5 Qc1+ 32. Kh2 Rxg3 33. fxg3 Qd2 34. Qe2 Qxd4 35. Ne7+ Kh8 36. Rd5 Qa7 37. Qf3 Bg4 38. Ng6+ Kg8 39. Qxg4 fxg6 40. Qxg6 b4 41. Qe6+ Qf7 42. Qc6 h5 43. Rd7 Qf5 44. Qc4+ Kh7 45. Rd5 Qf7 46. Qc5 Kh6 47. Rd6+ Kh7 48. Qxb4 Re8 49. Qf4 1-0

[Event "3rd Sharjah Masters 2019"]
[Site "Sharjah"]
[Date "2019.03.29"]
[Round "8.47"]
[White "Ranaldi, Lucas"]
[Black "Dr., Murtaza Ali"]
[Result "0-1"]
[ECO "A16"]
[WhiteElo "2279"]
[BlackElo "2084"]
[Annotator "NA"]
[PlyCount "126"]
[EventDate "2019.03.22"]
[EventType "swiss"]
[EventCountry "UAE"]
[SourceTitle "playchess.com"]
[Source "ChessBase"]
[SourceQuality "1"]
[TimeControl "5400+30"]

1. c4 Nf6 2. Nc3 c6 3. d4 d5 4. cxd5 cxd5 5. f3 e6 6. e4 Bb4 7. e5 Nfd7 8. f4 O-O 9. Nf3 Nc6 10. Bd3 f5 11. O-O Nb6 12. h3 Bd7 13. g4 g6 14. Kh1 Rc8 15. Qe2 Ne7 16. Nd1 Nc4 17. a3 Na5 18. Bc2 a6 19. Rg1 Bb5 20. Qf2 Rxc2 21. Qxc2 Qc8 22. Ne3 Qxc2 23. Nxc2 Nb3 24. axb4 Bd3 25. Nfe1 Be4+ 26. Kh2 Rc8 27. Ra3 Nxc1 28. Rc3 Rxc3 29. bxc3 Ne2 30. Rf1 Nxc3 31. Ne3 Nc6 32. N1c2 Ne2 33. gxf5 gxf5 34. Re1 Nxf4 35. Kg3 Nd3 36. Rg1 Kf7 37. Kh2 Ndxb4 38. Nxb4 Nxb4 39. Kg3 a5 40. Ra1 Nc6 41. Nd1 b5 42. Nc3 b4 43. Nxe4 fxe4 44. Kf4 Ke7 45. Ke3 Kd7 46. h4 h5 47. Kf4 Kc7 48. Kg5 Kb6 49. Kxh5 Nxd4 50. Kg6 Nf5 51. h5 e3 52. Rf1 d4 53. Rxf5 e2 54. h6 e1=Q 55. Rf6 Qxe5 56. h7 Qg3+ 57. Kf7 Qh4 58. Kg7 b3 59. Rxe6+ Kc5 60. Rh6 Qe7+ 61. Kg8 b2 62. Rh5+ Kb4 63. h8=Q Qe8+ 0-1

[Event "3rd Sharjah Masters 2019"]
[Site "Sharjah"]
[Date "2019.03.30"]
[Round "9.37"]
[White "Zou, Chen"]
[Black "Divya Deshmukh"]
[Result "1-0"]
[ECO "A17"]
[WhiteElo "2397"]
[BlackElo "2266"]
[Annotator "NA"]
[PlyCount "81"]
[EventDate "2019.03.22"]
[EventType "swiss"]
[EventCountry "UAE"]
[SourceTitle "playchess.com"]
[Source "ChessBase"]
[SourceQuality "1"]
[TimeControl "5400+30"]

1. Nf3 Nf6 2. c4 e6 3. Nc3 Bb4 4. Qc2 d5 5. a3 Be7 6. d4 O-O 7. Bf4 c6 8. e3 Nbd7 9. Bd3 Re8 10. O-O Bf8 11. b4 b6 12. cxd5 exd5 13. e4 dxe4 14. Nxe4 Bb7 15. Ne5 Nxe5 16. Nxf6+ gxf6 17. Bxh7+ Kh8 18. dxe5 fxe5 19. Be3 Bg7 20. Rad1 Qe7 21. Be4 Rad8 22. Qa4 Rxd1 23. Rxd1 Rd8 24. Rc1 Qd6 25. Bf3 a6 26. Bxb6 Rg8 27. Qc2 Bh6 28. Rd1 Qf6 29. Qe4 Ba8 30. Bc5 Bf4 31. g3 Qg7 32. Kh1 Bg5 33. Rd7 Rd8 34. Rxd8+ Bxd8 35. Qf5 Bg5 36. Be4 Bb7 37. Qh3+ Kg8 38. Qd7 f5 39. Qe8+ Kh7 40. Bxf5+ Kh6 41. Bf8 1-0

[Event "3rd Sharjah Masters 2019"]
[Site "Sharjah"]
[Date "2019.03.30"]
[Round "9.38"]
[White "Dhulipalla Bala Chandra Prasa"]
[Black "Kunal, M.."]
[Result "1-0"]
[ECO "E04"]
[WhiteElo "2384"]
[BlackElo "2258"]
[Annotator "NA"]
[PlyCount "71"]
[EventDate "2019.03.22"]
[EventType "swiss"]
[EventCountry "UAE"]
[SourceTitle "playchess.com"]
[Source "ChessBase"]
[SourceQuality "1"]
[TimeControl "5400+30"]

1. d4 Nf6 2. c4 e6 3. g3 d5 4. Nf3 dxc4 5. Bg2 c5 6. O-O Nc6 7. Qa4 Bd7 8. Qxc4 cxd4 9. Nxd4 Rc8 10. Nc3 Nb4 11. Qb3 e5 12. Nf3 Be6 13. Qa4+ Bd7 14. Qd1 Nc6 15. Nb5 Ne4 16. Qd5 Nf6 17. Nd6+ Bxd6 18. Qxd6 Be6 19. Qa3 Qe7 20. b3 Qxa3 21. Bxa3 e4 22. Ng5 Nd4 23. Nxe4 Nxe2+ 24. Kh1 Nxe4 25. Bxe4 b6 26. Bg2 Nc3 27. Rfc1 Kd7 28. Bb2 Nd5 29. Rd1 Rc5 30. b4 Rb5 31. a3 f6 32. Rd2 Rd8 33. a4 Rxb4 34. Bxd5 Ke7 35. Re1 Rxd5 36. Ba3 1-0

[Event "3rd Sharjah Masters 2019"]
[Site "Sharjah"]
[Date "2019.03.30"]
[Round "9.39"]
[White "Nitin, S.."]
[Black "Rohit, Singh Rana"]
[Result "1-0"]
[ECO "B90"]
[WhiteElo "2408"]
[BlackElo "1896"]
[Annotator "ChessBase"]
[PlyCount "41"]
[EventDate "2019.03.22"]
[EventType "swiss"]
[EventCountry "UAE"]
[SourceTitle "playchess.com"]
[Source "ChessBase"]
[SourceQuality "1"]
[TimeControl "5400+30"]

1. e4 c5 2. Nf3 d6 3. d4 cxd4 4. Nxd4 Nf6 5. Nc3 a6 6. Be3 e5 7. Nb3 Be6 8. Qd2 Be7 9. f4 O-O 10. O-O-O b5 11. f5 Bd7 12. g4 Nxg4 13. Rg1 Nxe3 14. Qxe3 Kh8 15. Be2 Bc6 16. Rg3 h6 17. Rdg1 Bf6 18. Rh3 Kh7 19. Bh5 Bg5 20. Rxg5 Qxg5 21. Qxg5 1-0

[Event "3rd Sharjah Masters 2019"]
[Site "Sharjah"]
[Date "2019.03.30"]
[Round "9.42"]
[White "Tissir, Mohamed"]
[Black "Zarkovic, Mila"]
[Result "1/2-1/2"]
[ECO "B90"]
[WhiteElo "2386"]
[BlackElo "2187"]
[Annotator "ChessBase"]
[PlyCount "29"]
[EventDate "2019.03.22"]
[EventType "swiss"]
[EventCountry "UAE"]
[SourceTitle "playchess.com"]
[Source "ChessBase"]
[SourceQuality "1"]
[TimeControl "5400+30"]

1. e4 c5 2. Nf3 d6 3. d4 cxd4 4. Nxd4 Nf6 5. Nc3 a6 6. h3 e6 7. g4 h6 8. Bg2 Be7 9. Be3 Nc6 10. f4 Nd7 11. Qd2 Nxd4 12. Bxd4 e5 13. fxe5 Bh4+ 14. Bf2 Bxf2+ 15. Qxf2 1/2-1/2

[Event "3rd Sharjah Masters 2019"]
[Site "Sharjah"]
[Date "2019.03.30"]
[Round "9.43"]
[White "Zaibi, Amir"]
[Black "Srihari, L R"]
[Result "1/2-1/2"]
[ECO "B42"]
[WhiteElo "2386"]
[BlackElo "2211"]
[Annotator "NA"]
[PlyCount "77"]
[EventDate "2019.03.22"]
[EventType "swiss"]
[EventCountry "UAE"]
[SourceTitle "playchess.com"]
[Source "ChessBase"]
[SourceQuality "1"]
[TimeControl "5400+30"]

1. e4 c5 2. Nf3 e6 3. d4 cxd4 4. Nxd4 a6 5. Bd3 Bc5 6. Nb3 Be7 7. O-O Nc6 8. Qe2 d6 9. f4 Qc7 10. Nc3 Nf6 11. Bd2 b5 12. a3 Bb7 13. Rae1 Nd7 14. Nd5 exd5 15. exd5 Nce5 16. Ba5 Qb8 17. Bf5 Qa7+ 18. Kh1 Bxd5 19. Bxd7+ Qxd7 20. fxe5 Bc4 21. e6 Qxe6 22. Qf3 O-O 23. Nd4 Qd7 24. Nf5 Be6 25. Nxg7 Kxg7 26. Bc3+ f6 27. Qe4 Rae8 28. Qxe6 Qxe6 29. Rxe6 Kf7 30. Ree1 Rc8 31. Rf4 Rc4 32. Rxc4 bxc4 33. Re4 Rc8 34. g4 d5 35. Rf4 Ke6 36. Kg2 Rf8 37. Rf5 Rg8 38. h3 Rg5 39. Rf4 {[%emt 0:08:07] Ke5} 1/2-1/2

[Event "3rd Sharjah Masters 2019"]
[Site "Sharjah"]
[Date "2019.03.30"]
[Round "9.44"]
[White "Saurabh Anand"]
[Black "Singgih, Diajeng Theresa"]
[Result "1/2-1/2"]
[ECO "C45"]
[WhiteElo "2385"]
[BlackElo "2164"]
[Annotator "NA"]
[PlyCount "75"]
[EventDate "2019.03.22"]
[EventType "swiss"]
[EventCountry "UAE"]
[SourceTitle "playchess.com"]
[Source "ChessBase"]
[SourceQuality "1"]
[TimeControl "5400+30"]

1. e4 e5 2. Nf3 Nc6 3. d4 exd4 4. Nxd4 Bc5 5. Nb3 Bb4+ (5... Bb6 6. Nc3 Nf6 7. Qe2 O-O 8. Bg5 Nd4 9. Qd2 Nxb3 10. axb3 h6 11. Be3 Bxe3 12. Qxe3 d5 13. O-O-O c6 14. exd5 cxd5 {1-0 (40) Amin,B (2686)-Safarli,E (2676) Hoogeveen 2018}) 6. Nc3 {[%emt 0:01:51] C45: Scotch Game} Nf6 7. Bd3 d5 8. exd5 Nxd5 9. O-O Nxc3 10. Qe1+ Be6 $146 ({Predecessor:} 10... Qe7 11. bxc3 Bd6 12. Nd4 Nxd4 13. cxd4 O-O 14. Be3 {½-½ (36) Kadianis,G (1998)-Papadopoulos,A (2176) Achaia 2017}) 11. bxc3 Be7 12. Bf4 O-O 13. Rd1 Qc8 14. Qe4 g6 15. Nd4 Nxd4 16. cxd4 c6 17. c4 Qd7 18. Rfe1 Bb4 19. Bd2 Bxd2 20. Rxd2 Rfe8 21. Qf4 a6 22. Bf1 Bf5 23. Red1 b5 24. f3 $11 Qa7 25. Kh1 bxc4 26. Bxc4 Be6 27. d5 cxd5 28. Bxd5 Bxd5 29. Rxd5 Qf2 30. h4 Re2 31. Qg5 Rae8 32. h5 h6 33. Qg4 g5 34. Kh2 Re1 35. Rxe1 Rxe1 36. Qc8+ Kh7 37. Qg4 Kg8 38. Rd1 1/2-1/2

[Event "3rd Sharjah Masters 2019"]
[Site "Sharjah"]
[Date "2019.03.30"]
[Round "9.45"]
[White "Ajay Karthikeyan"]
[Black "Mohammed, Dilshad"]
[Result "1/2-1/2"]
[ECO "A45"]
[WhiteElo "2298"]
[BlackElo "2006"]
[Annotator "NA"]
[PlyCount "76"]
[EventDate "2019.03.22"]
[EventType "swiss"]
[EventCountry "UAE"]
[SourceTitle "playchess.com"]
[Source "ChessBase"]
[SourceQuality "1"]
[TimeControl "5400+30"]

1. d4 Nf6 2. Bf4 d5 3. e3 e6 4. Nf3 Bd6 5. Bg3 O-O 6. Nbd2 b6 7. c3 c5 8. Bd3 Bb7 9. Bxd6 Qxd6 10. Ne5 Nc6 11. f4 Ne7 12. Qf3 Nd7 13. Qh3 f5 14. Nxd7 Qxd7 15. Nf3 c4 16. Bc2 b5 17. Ne5 Qd6 18. g4 b4 19. Rg1 a5 20. Qg3 Qc7 21. Rg2 Ra7 22. Ke2 Bc6 23. Rag1 Be8 24. gxf5 Nxf5 25. Qh3 Qb8 26. Bxf5 Rxf5 27. Qh6 Bg6 28. Nxg6 gxh6 29. Ne7+ Kf7 30. Rg7+ Ke8 31. Rg8+ Rf8 32. Rxf8+ Kxf8 33. Rg8+ Kxe7 34. Rxb8 Kf6 35. Kf3 h5 36. e4 dxe4+ 37. Kxe4 bxc3 38. bxc3 Rg7 1/2-1/2

[Event "3rd Sharjah Masters 2019"]
[Site "Sharjah"]
[Date "2019.03.30"]
[Round "9.46"]
[White "Gandhi, Anish"]
[Black "Priyanka Nutakki"]
[Result "1/2-1/2"]
[ECO "C11"]
[WhiteElo "2156"]
[BlackElo "2297"]
[Annotator "NA"]
[PlyCount "62"]
[EventDate "2019.03.22"]
[EventType "swiss"]
[EventCountry "UAE"]
[SourceTitle "playchess.com"]
[Source "ChessBase"]
[SourceQuality "1"]
[TimeControl "5400+30"]

1. e4 e6 2. d4 d5 3. Nc3 Nf6 4. e5 Nfd7 5. f4 c5 6. Nf3 Nc6 7. Be3 Be7 8. Qd2 O-O $11 9. dxc5 {[%emt 0:00:04] LiveBook: 510 Games} Qa5 10. O-O-O b6 11. Bb5 Nb4 12. a3 bxc5 13. Kb1 Rb8 14. axb4 cxb4 15. Nxd5 exd5 16. Nd4 Bc5 17. Bxd7 Bxd7 18. Nb3 Bxe3 19. Qxe3 Qb6 20. Qxb6 Rxb6 21. Nd4 g6 22. b3 a5 23. Kb2 Rc8 24. Ra1 Rc5 25. h3 h5 26. Rhg1 h4 27. Rgf1 Bf5 28. Rf2 Kf8 29. Rd1 Ra6 30. Nxf5 gxf5 31. Rd3 Ke7 1/2-1/2

[Event "3rd Sharjah Masters 2019"]
[Site "Sharjah"]
[Date "2019.03.30"]
[Round "9.47"]
[White "Sultan, Ibrahim"]
[Black "Koniahli, Malek."]
[Result "0-1"]
[ECO "A61"]
[WhiteElo "2121"]
[BlackElo "2294"]
[Annotator "NA"]
[PlyCount "106"]
[EventDate "2019.03.22"]
[EventType "swiss"]
[EventCountry "UAE"]
[SourceTitle "playchess.com"]
[Source "ChessBase"]
[SourceQuality "1"]
[TimeControl "5400+30"]

1. d4 Nf6 2. c4 c5 3. d5 e6 4. Nc3 exd5 5. cxd5 d6 6. Nf3 g6 7. Bf4 Bg7 8. h3 O-O 9. e3 a6 10. a4 b6 11. Nd2 Nh5 12. Bh2 Be5 13. Bxe5 dxe5 14. Nc4 Nd7 15. Be2 Nhf6 16. e4 Ne8 17. O-O Qf6 18. Bg4 Nd6 19. b3 Rb8 20. Qe2 Rd8 21. Rae1 Qe7 22. f4 Nxc4 23. bxc4 Nf6 24. Bxc8 Rbxc8 25. Qf3 Rd6 26. g4 Nd7 27. f5 g5 28. Kg2 Kg7 29. Qe3 Qf6 30. Ne2 h6 31. Ng3 Kh7 32. Rh1 Qe7 33. Ne2 Nf6 34. Ng1 b5 35. cxb5 axb5 36. axb5 Qb7 37. Nf3 Qxb5 38. Nxe5 Qb2+ 39. Qe2 Qxe5 40. h4 gxh4 41. Rxh4 Rg8 42. Kf3 Rb6 43. Qe3 Nd7 44. Reh1 Qg7 45. Kg2 Rgb8 46. g5 Rb2+ 47. Kf3 Ne5+ 48. Kg3 R8b3 49. Rxh6+ Kg8 50. Kf4 Rxe3 51. f6 Rf3+ 52. Kxe5 Qxg5+ 53. Kd6 Rxf6+ 0-1